 Dungeon Crawl Stone Soup version 0.17-a0-2220-g6fea741 (webtiles) character file.

532 SlimeFever the Ducker (level 7, -1/53 HPs)
             Began as a Demonspawn Gladiator on Oct 28, 2015.
             Slain by an orc wizard
             ... wielding a +2 dagger of speed
              (2 damage)
             ... on level 4 of the Dungeon.
             The game lasted 00:27:55 (2856 turns).

SlimeFever the Ducker (Demonspawn Gladiator)        Turns: 2856, Time: 00:27:57

Health: -1/53      AC:  9    Str: 15    XL:     7   Next: 3%
Magic:  7/7        EV: 13    Int: 10    God:
Gold:   99         SH:  2    Dex: 15    Spells: 0 memorised, 6 levels left

rFire  + . .     SeeInvis +     a - +1 trident
rCold  . . .     Clarity  .     k - +1 ring mail
rNeg   . . .     SustAt   .     (no shield)
rPois  .         Gourm    .     c - +0 helmet
rElec  .         Spirit   .     (no cloak)
rCorr  .         Warding  .     (no gloves)
rMut   .         Stasis   .     (no boots)
MR     .....                    (no amulet)
Stlth  +.........               s - ring of protection from fire
                                r - ring of see invisible

@: not resistant to hostile enchantments, very unstealthy
A: hooves 1, large bone plates 1, powered by pain 1
a: no special abilities


You were on level 4 of the Dungeon.
You were not hungry.

You visited 1 branch of the dungeon, and saw 4 of its levels.

You collected 99 gold pieces.

Inventory:

Hand Weapons
 a - a +1 trident (weapon)
 e - a +0 lajatang
Missiles
 b - 14 sling bullets
 d - 3 throwing nets (quivered)
 g - 12 tomahawks
Armour
 c - a +0 helmet (worn)
 k - a +1 ring mail (worn)
Jewellery
 r - a ring of see invisible (left hand)
 s - a ring of protection from fire (right hand)
Scrolls
 m - a scroll of recharging
 n - a scroll of identify
 w - 2 scrolls of remove curse
 x - a scroll of enchant weapon
 y - a scroll of magic mapping
Potions
 f - a potion of brilliance {unknown}
 h - 3 potions of heal wounds
 j - a potion of haste {unknown}
 o - a potion of degeneration {unknown}
 p - a potion of lignification {unknown}
 q - a potion of poison {unknown}
 u - a potion of berserk rage {unknown}
Comestibles
 i - 2 slices of pizza
 l - 2 beef jerkies
 t - 4 chunks of flesh
 v - a bread ration


   Skills:
 + Level 3.7 Fighting
 + Level 4.4 Polearms
 + Level 1.9 Throwing
 + Level 2.3 Armour
 + Level 4.8 Dodging
 + Level 0.4 Stealth


You had 6 spell levels left.
You didn't know any spells.

Dungeon Overview and Level Annotations

Branches:
Dungeon (4/15)
 Temple: D:4-7

Altars:
Cheibriados


Innate Abilities, Weirdness & Mutations

You have large cloven feet.
You are partially covered in large bone plates (AC +2, SH +2).
You sometimes gain a little power by taking damage.


Message History

* * * LOW HITPOINT WARNING * * *
The orc wizard completely misses you.
You hit the orc wizard but do no damage.
You kick the orc wizard, but do no damage.
The orc wizard is severely wounded.
The orc wizard closely misses you. The orc wizard barely misses you.
You hit the orc wizard but do no damage.
The orc wizard is severely wounded.
The orc wizard mumbles some strange words.
The orc wizard flickers and vanishes for a moment.
The orc wizard hits you with a dagger of speed.
* * * LOW HITPOINT WARNING * * *
You hit the orc wizard but do no damage.
You kick the orc wizard, but do no damage.
The orc wizard is severely wounded.
The orc wizard hits you with a dagger of speed.
* * * LOW HITPOINT WARNING * * *
The orc wizard hits you but does no damage.
The orc wizard hits you with a dagger of speed.
You die...

#....##..#..
#....###.#..
#....# #.#..
######....###.#..
#....'........#..
#.####....#####..
#.###.........#.#
##o.........##.
#@oo.........#
###o#######..$.
#.# ./.. #o# ###
#o# #.# #.# #.#
#.#


You could see 2 orc wizards and 2 orcs.

Vanquished Creatures
  Sigmund (D:2)
  Duvessa (D:4)
  Dowan (D:4)
  Jessica (D:2)
  An orc wizard (D:3)
  A hound skeleton (D:4)
  5 adders
  3 oozes
  An adder skeleton (D:4)
  5 worms
  12 orcs (D:3)
  A ball python (D:2)
  4 giant cockroaches
  6 goblins
  11 hobgoblins
  A quokka (D:2)
  A ball python skeleton (D:4)
  4 bats
  A giant newt (D:1)
  7 kobolds
  5 rats
73 creatures vanquished.

Notes
Turn   | Place    | Note
--------------------------------------------------------------
     0 | D:1      | SlimeFever the Demonspawn Gladiator began the quest for the Orb.
     0 | D:1      | Reached XP level 1. HP: 16/16 MP: 1/1
    32 | D:1      | Reached skill level 3 in Dodging
    32 | D:1      | Gained mutation: You have large cloven feet. [demonic ancestry]
    32 | D:1      | Reached XP level 2. HP: 15/22 MP: 2/2
   629 | D:2      | Reached XP level 3. HP: 25/27 MP: 3/3
  1058 | D:2      | Found a snail-covered altar of Cheibriados.
  1193 | D:2      | Noticed Sigmund
  1207 | D:2      | Killed Sigmund
  1207 | D:2      | Reached skill level 1 in Armour
  1207 | D:2      | Reached skill level 4 in Dodging
  1207 | D:2      | Reached XP level 4. HP: 15/35 MP: 4/4
  1207 | D:2      | Gained mutation: You sometimes gain a little power by taking damage. [demonic ancestry]
  1207 | D:2      | Reached XP level 5. HP: 17/41 MP: 5/5
  1387 | D:2      | Noticed Jessica
  1395 | D:2      | Killed Jessica
  1416 | D:2      | Identified Jessica's Disquisition on Good Luck
  1878 | D:3      | Reached XP level 6. HP: 17/47 MP: 6/6
  2658 | D:4      | Noticed Duvessa
  2658 | D:4      | Noticed Dowan
  2669 | D:4      | Killed Duvessa
  2676 | D:4      | Killed Dowan
  2796 | D:4      | Gained mutation: You are partially covered in large bone plates (AC +2, SH +2). [demonic ancestry]
  2796 | D:4      | Reached XP level 7. HP: 29/53 MP: 7/7
  2855 | D:4      | HP: 1/53 [orc wizard/dagger of speed (4)]
  2856 | D:4      | Slain by an orc wizard

Vault maps used:
D:1:      minmay_arrival_cross, minmay_liquid_box
D:2:      cheibriados_altar_1, minivault_27, kennysheep_jessica_study,
          uniq_sigmund
D:3:      kennysheep_generic_room_10
D:4:      minmay_temple_entry_purple_smoke, first_bread, uniq_eustachio,
          uniq_duvessa, uniq_natasha

Action                   |  1- 3 |  4- 6 |  7- 9 || total
-------------------------+-------+-------+-------++-------
Melee: Trident           |   107 |   185 |    28 ||   320
  Use: Scroll            |     4 |     6 |       ||    10
       Potion            |       |     2 |       ||     2
  Eat: Bread ration      |       |     1 |       ||     1
       Meat ration       |       |     1 |       ||     1
